 Dungeon Crawl Stone Soup version 0.24-a0-441-g27f0392e16 (webtiles) character file.

Game seed: 8059914494909110673

100 gruber the Conjurer (level 4, 0/27 HPs)
             Began as an Octopode Conjurer on June 19, 2019.
             Hit by a boomerang thrown by an orc (2 damage)
             ... on level 3 of the Dungeon.
             The game lasted 00:06:04 (3340 turns).

gruber the Conjurer (Octopode Conjurer)             Turns: 3340, Time: 00:06:05

Health: 0/27       AC:  1    Str: 12    XL:     4   Next: 74%
Magic:  5/8        EV: 19    Int: 18    God:
Gold:   84         SH:  0    Dex: 17    Spells: 2/8 levels left

rFire    . . .     SeeInvis .   l - +0 trident
rCold    . . .     Gourm    .   (no shield)
rNeg     + . .     Faith    .   (helmet restricted)
rPois    .         Spirit   .   (no amulet)
rElec    .         Reflect  .   d - ring of positive energy
rCorr    .         Harm     .   k - +5 ring of strength
MR       .....                  (no ring)
Stlth    +++++.....             (no ring)
HPRegen  0.09/turn              (no ring)
MPRegen  0.11/turn              (no ring)
                                (no ring)
                                (no ring)

@: agile
A: almost no armour, stealthy swim, amphibious, 8 rings, constrict 8, camouflage
1, gelatinous body 1
a: no special abilities


You were on level 3 of the Dungeon.
You were not hungry.

You visited 1 branch of the dungeon, and saw 3 of its levels.

You collected 84 gold pieces.

Inventory:

Hand Weapons
 l - a +0 trident (weapon)
Missiles
 a - 8 poisoned darts (quivered)
 f - 8 javelins
Jewellery
 d - a ring of positive energy (left tentacle)
 k - a +5 ring of strength (right tentacle)
Scrolls
 e - a scroll of enchant weapon {unknown}
 j - 4 scrolls of identify {unknown}
 o - a scroll of noise {unknown}
Potions
 g - a potion of ambrosia {unknown}
 h - a potion of curing {unknown}
 i - a potion of mutation {unknown}
 m - a potion of resistance {unknown}
 n - a potion of lignification {unknown}
Comestibles
 b - 3 rations


   Skills:
 + Level 2.4 Dodging
 + Level 3.6 Stealth
 * Level 2.7 Spellcasting
 + Level 5.0 Conjurations


You had 2 spell levels left.
You knew the following spells:

 Your Spells              Type           Power        Failure   Level  Hunger
a - Magic Dart            Conj           ###.         1%          1    #......
b - Searing Ray           Conj           ###...       3%          2    ##.....
c - Dazzling Spray        Conj/Hex       ##....       19%         3    ###....

Your spell library contained the following spells:

 Spells                   Type           Power        Failure   Level  Hunger
 Iskenderun's Mystic Bla  Conj           ###.....     21%         4    #####..
 Force Lance              Conj/Tloc      ##......     52%         4    #####..
 Fulminant Prism          Conj/Hex       ##........   52%         4    #####..


Dungeon Overview and Level Annotations

Branches:
Dungeon (3/15)

Altars:
Cheibriados
Dithmenos
Okawaru

Annotations:
D:3 1 transporter


Innate Abilities, Weirdness & Mutations

You cannot wear most types of armour.
You are very stealthy in the water. (Stealth+)
You are amphibious.
You can wear up to eight rings at the same time.
You can use your tentacles to constrict eight enemies at once.
Your skin changes colour to match your surroundings (Stealth+).
Your rubbery body absorbs attacks. (AC +1, EV +1)


Message History

* * * LOW HITPOINT WARNING * * *
The weapon returns to the orc!
The orc throws a boomerang.
The boomerang hits you.
* * * LOW HITPOINT WARNING * * *
The weapon returns to the orc!
The orc throws a boomerang.
The boomerang barely misses you.
The weapon returns to the orc!
It was a potion of agility.
You feel agile all of a sudden.
The orc throws a boomerang.
The boomerang completely misses you.
The weapon returns to the orc!
Casting: Magic Dart (safe; 1% risk of failure)
Confirm with . or Enter, or press ? or * to list all spells.
Aiming: Dazzling Spray (safe; 19% risk of failure)
Press: ? - help, Shift-Dir - straight line, f - orc
Aim: an orc, wearing a +0 leather armour The spray of energy hits the orc.
The orc is heavily wounded.
The orc is dazzled.
The orc throws a boomerang.
The boomerang hits you.
You die...

..#######. ≈.## #.# ≈..#
#.# ≈..######.#
≈......##.# ###
≈.####..#.. ..### ≈.#
#..#.### #.#..
≈.####..#...####.#.#
≈.......#.#...##@#.#
≈.####..#.###.##.#.#
≈..............#.#.#
≈..#..÷...###....#.###.#
≈ #.#...........oo....#
#.#.#.###...###r##....
.....>....... ..# #
##.#...####... ..#
....... #.... ...


You could see an orc (blind).

Vanquished Creatures
  A worker ant (D:2)
  Robin (D:2)
  A worm (D:3)
  2 dart slugs
  2 leopard geckos (D:2)
  An orc (D:3)
  4 bats
  6 hobgoblins
  3 jackals (D:1)
  2 kobolds
  2 quokkas (D:3)
  19 goblins
  5 rats
49 creatures vanquished.

Notes
Turn   | Place    | Note
-------+----------+-------------------------------------------
     0 | D:1      | gruber the Octopode Conjurer began the quest for the Orb.
     0 | D:1      | Reached XP level 1. HP: 11/11 MP: 3/3
   197 | D:1      | Reached XP level 2. HP: 17/17 MP: 5/5
   810 | D:1      | Learned a level 2 spell: Searing Ray
   842 | D:2      | Reached XP level 3. HP: 15/21 MP: 1/6
  1069 | D:2      | Found a snail-covered altar of Cheibriados.
  1202 | D:2      | Noticed Robin
  1261 | D:2      | Learned a level 3 spell: Dazzling Spray
  1746 | D:2      | Reached XP level 4. HP: 27/27 MP: 5/7
  2287 | D:2      | Killed Robin
  2730 | D:2      | Reached skill level 5 in Conjurations
  2828 | D:3      | Found a transporter.
  3174 | D:3      | Found a shadowy altar of Dithmenos.
  3175 | D:3      | Found an iron altar of Okawaru.
  3340 | D:3      | Hit by a boomerang thrown by an orc

Levels and vault maps discovered:
D:1:      dpeg_arrival_radiant, layout_basic
D:2:      layout_basic, lemuel_doored_altar, first_ration, uniq_robin
D:3:      layout_basic, gammafunk_temple_overflow_pools,
          gammafunk_ghost_gnarly_gnolls

Skill      XL: |  1  2  3  4 |
---------------+-------------+-----
Stealth        | 3 |  3.6
Conjurations   | 5 |  5.0
Dodging        | |  2.4
Spellcasting   | |  2.7

Action                   |  1- 3 |  4- 6 || total
-------------------------+-------+-------++-------
Melee: Unarmed           |    23 |       ||    23
       Constrict         |    15 |    12 ||    27
       Tentacles         |    10 |     4 ||    14
       Dagger            |    30 |    14 ||    44
       Trident           |       |    28 ||    28
Throw: Dart              |     4 |       ||     4
 Cast: Magic Dart        |     8 |    11 ||    19
       Searing Ray       |     1 |     1 ||     2
       Dazzling Spray    |       |     1 ||     1
  Use: Potion            |       |     1 ||     1
 Stab: Sleeping          |     6 |     4 ||    10
  Eat: Chunk             |     2 |     2 ||     4
       Ration            |       |     1 ||     1
Armor: Skin              |     7 |     4 ||    11
Dodge: Dodged            |    33 |    23 ||    56

Table legend:
 A = Non-vault XP
 B = Vault XP
 C = Vault XP percentage of total XP
 D = Non-vault monster count
 E = Vault monster count
 F = Vault count percentage of total count
                 A         B        C        D         E       F
            +---------+---------+-------+---------+---------+-------
      Total |     105 |      39 |  27.1 |      36 |      13 |  26.5
            +---------+---------+-------+---------+---------+-------
        D:1 |      17 |       4 |  19.0 |      10 |       2 |  16.7
        D:2 |      64 |      35 |  35.4 |      16 |      11 |  40.7
        D:3 |      24 |       0 |   0.0 |      10 |       0 |   0.0
            +---------+---------+-------+---------+---------+-------
